 Dungeon Crawl Stone Soup version 0.28-a0-925-gd5e1996cdb (webtiles) character file.

Game seed: 18071348549231867008

284 Crownlay the Chiller (level 6, -4/44 HPs)
             Began as a Gnoll Ice Elementalist on Nov 26, 2021.
             Killed by nerve-wracking pain
             ... invoked by Grinder
              (8 damage)
             ... on level 3 of the Dungeon.
             The game lasted 00:13:33 (4672 turns).

Crownlay the Chiller (Gnoll Ice Elementalist)       Turns: 4672, Time: 00:13:33

Health: -4/44      AC: 20    Str:  8    XL:     6   Next: 29%
Magic:  1/14       EV: 14    Int: 16    God:
Gold:   98         SH:  0    Dex: 18    Spells: 8/15 levels left

rFire   . . .      SeeInvis .   g - staff of conjuration
rCold   . . .      Faith    .   (no shield)
rNeg    . . .      Spirit   .   a - +0 robe
rPois   .          Reflect  .   l - +2 helmet
rElec   .          Harm     .   c - +0 cloak
rCorr   .          Rampage  .   u - +0 pair of gloves
Will    .....                   j - +1 pair of boots
Stlth   +++.......              (no amulet)
HPRegen 0.14/turn               d - +4 ring of protection
MPRegen 0.14/turn               s - +6 ring of dexterity

@: ice-armoured (expiring)
A: fangs 1, strong nose, distributed training
a: no special abilities


You were on level 3 of the Dungeon.
You visited 1 branch of the dungeon, and saw 3 of its levels.

You collected 98 gold pieces.

Inventory:

Hand Weapons
 t - a +0 dagger
Armour
 a - a +0 robe (worn)
 c - a +0 cloak (worn)
 j - a +1 pair of boots (worn)
 l - a +2 helmet (worn)
 u - a +0 pair of gloves (worn)
Magical Staves
 g - a staff of conjuration (weapon)
Jewellery
 d - a +4 ring of protection (left hand)
 s - a +6 ring of dexterity (right hand)
Wands
 n - a wand of digging (5)
Scrolls
 e - 2 scrolls of identify
 f - 2 scrolls of immolation {unknown}
 p - a scroll of brand weapon {unknown}
 v - a scroll of enchant armour {unknown}
 w - a scroll of magic mapping {unknown}
Potions
 b - 2 potions of curing {unknown}
 h - 2 potions of ambrosia
 i - a potion of lignification {unknown}
 k - a potion of resistance {unknown}
 m - a potion of heal wounds {unknown}
 o - a potion of flight {unknown}
 q - a potion of mutation {unknown}
 r - 2 potions of brilliance {unknown}
 x - a potion of invisibility {unknown}
 z - a potion of attraction {unknown}


   Skills:
 + Level 1.9 Fighting
 + Level 1.9 Short Blades
 + Level 1.9 Long Blades
 + Level 1.9 Axes
 + Level 1.9 Maces & Flails
 + Level 1.9 Polearms
 + Level 1.9 Staves
 + Level 1.9 Slings
 + Level 1.9 Bows
 + Level 1.9 Crossbows
 + Level 1.9 Throwing
 + Level 1.9 Armour
 + Level 4.9 Dodging
 + Level 4.5 Stealth
 + Level 1.9 Shields
 + Level 1.9 Unarmed Combat
 + Level 5.3 Spellcasting
 + Level 1.5 Conjurations
 + Level 1.5 Hexes
 + Level 1.5 Summonings
 + Level 1.5 Necromancy
 + Level 1.5 Translocations
 + Level 1.5 Transmutations
 + Level 1.5 Fire Magic
 + Level 7.2 Ice Magic
 + Level 1.5 Air Magic
 + Level 1.5 Earth Magic
 + Level 1.5 Poison Magic
 + Level 2.1 Invocations
 + Level 1.9 Evocations


You had 8 spell levels left.
You knew the following spells:

 Your Spells              Type           Power      Damage    Failure   Level
a - Freeze                Ice            100%       1d11      1%          1
b - Frozen Ramparts       Ice            54%        1d7       2%          3
c - Ozocubu's Armour      Ice            27%        N/A       2%          3

Your spell library contained the following spells:

 Spells                   Type           Power      Damage    Failure   Level
 Gell's Gravitas          Tloc           9%         N/A       24%         3
 Lesser Beckoning         Tloc           9%         N/A       24%         3
 Teleport Other           Tloc           9%         N/A       24%         3
 Hailstorm                Conj/Ice       27%        3d7       24%         4


Dungeon Overview and Level Annotations

Branches:
Dungeon (3/15)

Altars:
The Shining One

Annotations:
D:3 Grinder


Innate Abilities, Weirdness & Mutations

You have very sharp teeth.
Your uncanny sense of smell can sniff out nearby items.
Your experience applies equally to all skills.


Message History

The wall freezes Grinder but does no damage.
Grinder hits you.
* * * LOW HITPOINT WARNING * * *
You hit Grinder.
Grinder is almost dead.
Grinder completely resists.
The wall freezes Grinder but does no damage.
Grinder barely misses you.
You hit Grinder but do no damage.
Grinder is almost dead.
Grinder resists.
The wall freezes Grinder.
Grinder hits you but does no damage.
You hit Grinder but do no damage.
Grinder is almost dead.
Grinder completely resists.
The wall freezes Grinder but does no damage.
Grinder gestures at you. You resist with significant effort.
You hit Grinder but do no damage.
You blast Grinder.
Grinder is almost dead.
Your icy armour starts to melt.
Grinder completely resists.
The wall freezes Grinder but does no damage.
Grinder hits you but does no damage.
Grinder resists.
The wall freezes Grinder.
Grinder barely misses you.
You closely miss Grinder.
Grinder is almost dead.
The frozen ramparts melt away.
Grinder gestures at you. Pain shoots through your body!
* * * LOW HITPOINT WARNING * * *
Casting: Freeze (safe; 1% risk of failure)
Confirm with . or Enter, or press ? or * to list all spells.
Aiming: Freeze (safe; 1% risk of failure)
Press: ? - help, Shift-Dir - straight line, f/p - Grinder
Aim: Grinder (almost dead)
You freeze Grinder.
Grinder resists.
Grinder is almost dead.
Grinder gestures at you. Pain shoots through your body!
You die...

####### #.....# #.#.#.#
####################.#.#.#
.........<...........#.#.#
####################.#.#.#
# #....@5.#.#.#.# #
#.#####.#.#.#.# ###### #.#
.#.#.#.# .....# #.#
.#.#.#.# #....#######.##
.#.#.#.# '....#........#
##.#.#.########
#....#.####...#
#.#.#.#....... #......#
#...# ###.#.#..#######
#...#### #...#
#...#.#..#.....)


You could see Grinder.

Vanquished Creatures
  Sigmund (D:3)
  Jessica (D:2)
  A gnoll (D:1)
  An adder (D:2)
  2 worms (D:3)
  An orc (D:3)
  6 ball pythons
  7 bats
  4 endoplasms
  5 giant cockroaches
  9 goblins
  10 hobgoblins
  4 jackals (D:2)
  3 quokkas
  3 frilled lizards
  7 kobolds
  7 rats
72 creatures vanquished.

Notes
Turn   | Place    | Note
-------+----------+-------------------------------------------
     0 | D:1      | Crownlay the Gnoll Ice Elementalist began the quest for the
                  | Orb.
     0 | D:1      | Reached XP level 1. HP: 13/13 MP: 6/6
   251 | D:1      | Reached XP level 2. HP: 9/20 MP: 2/7
   752 | D:1      | Reached XP level 3. HP: 25/25 MP: 7/9
   753 | D:1      | Reached skill level 5 in Spellcasting
   773 | D:1      | Learned a level 3 spell: Frozen Ramparts
   777 | D:1      | Learned a level 3 spell: Ozocubu's Armour
  1387 | D:2      | Reached skill level 1 in Invocations
  1697 | D:2      | Found a glowing golden altar of the Shining One.
  1751 | D:2      | Noticed Jessica
  1760 | D:2      | Reached skill level 1 in Fighting
  1760 | D:2      | Reached skill level 1 in Short Blades
  1760 | D:2      | Reached skill level 1 in Long Blades
  1760 | D:2      | Reached skill level 1 in Axes
  1760 | D:2      | Reached skill level 1 in Maces & Flails
  1760 | D:2      | Reached skill level 1 in Polearms
  1760 | D:2      | Reached skill level 1 in Staves
  1760 | D:2      | Reached skill level 1 in Slings
  1760 | D:2      | Reached skill level 1 in Bows
  1760 | D:2      | Reached skill level 1 in Crossbows
  1760 | D:2      | Reached skill level 1 in Throwing
  1760 | D:2      | Reached skill level 1 in Armour
  1760 | D:2      | Reached skill level 1 in Shields
  1760 | D:2      | Reached skill level 1 in Unarmed Combat
  1760 | D:2      | Reached skill level 1 in Evocations
  1763 | D:2      | Killed Jessica
  1764 | D:2      | Reached XP level 4. HP: 14/32 MP: 6/11
  1987 | D:2      | Reached skill level 1 in Conjurations
  1987 | D:2      | Reached skill level 1 in Hexes
  1987 | D:2      | Reached skill level 1 in Summonings
  1987 | D:2      | Reached skill level 1 in Necromancy
  1987 | D:2      | Reached skill level 1 in Translocations
  1987 | D:2      | Reached skill level 1 in Transmutations
  1987 | D:2      | Reached skill level 1 in Fire Magic
  1987 | D:2      | Reached skill level 1 in Air Magic
  1987 | D:2      | Reached skill level 1 in Earth Magic
  1987 | D:2      | Reached skill level 1 in Poison Magic
  2093 | D:2      | Found a faded altar of an unknown god.
  2490 | D:3      | Noticed Grinder
  2491 | D:3      | Paralysed by Grinder for 3 turns
  2499 | D:3      | Paralysed by Grinder for 6 turns
  2577 | D:3      | Paralysed by Grinder for 5 turns
  2998 | D:3      | Paralysed by Grinder for 3 turns
  3207 | D:3      | Noticed Sigmund
  3254 | D:3      | Killed Sigmund
  3255 | D:3      | Reached XP level 5. HP: 14/38 MP: 5/12
  3255 | D:3      | Reached XP level 6. HP: 17/44 MP: 5/13
  4635 | D:3      | Paralysed by Grinder for 4 turns
  4672 | D:3      | Killed from afar by Grinder

Illustrated notes

Levels and vault maps discovered:
D:1:      minmay_arrival_floating_metal, layout_basic, item_on_display_a
D:2:      minmay_razor_zed, layout_rooms, basic_altar,
          hellmonk_ecumenical_altar_run_dry, uniq_jessica
D:3:      layout_basic, serial_co_window_serial, co_window_paths_a,
          co_window_corner_a, co_window_corner_a, co_window_corner_a,
          co_window_corner_a, co_window_of_opportunity_b, co_window_paths_c,
          co_window_unsneaky_path_b, co_window_broadway_b, co_window_paths_c,
          co_window_corner_cb, co_window_broadway_b, glass_columns_b,
          glass_columns_b, glass_columns_b, glass_columns_c,
          minmay_fractal_squares_diagonal_5, uniq_sigmund, uniq_grinder

Skill      XL: |  1  2  3  4 |
---------------+-------------+-----
Spellcasting   | 5 |  5.3
Invocations    | 1 2 |  2.1
Fighting       | 1 |  1.9
Short Blades   | 1 |  1.9
Long Blades    | 1 |  1.9
Axes           | 1 |  1.9
Maces & Flails | 1 |  1.9
Polearms       | 1 |  1.9
Staves         | 1 |  1.9
Slings         | 1 |  1.9
Bows           | 1 |  1.9
Crossbows      | 1 |  1.9
Throwing       | 1 |  1.9
Armour         | 1 |  1.9
Shields        | 1 |  1.9
Unarmed Combat | 1 |  1.9
Evocations     | 1 |  1.9
Conjurations   | 1 |  1.5
Hexes          | 1 |  1.5
Summonings     | 1 |  1.5
Necromancy     | 1 |  1.5
Translocations | 1 |  1.5
Transmutations | 1 |  1.5
Fire Magic     | 1 |  1.5
Air Magic      | 1 |  1.5
Earth Magic    | 1 |  1.5
Poison Magic   | 1 |  1.5
Dodging        | |  4.9
Stealth        | |  4.5
Ice Magic      | |  7.2

Action                   |  1- 3 |  4- 6 || total
-------------------------+-------+-------++-------
Melee: Unarmed           |     1 |       ||     1
       Staff             |     6 |    72 ||    78
       Bite              |     1 |     7 ||     8
 Cast: Freeze            |    58 |    45 ||   103
       Frozen Ramparts   |       |    15 ||    15
       Ozocubu's Armour  |       |     8 ||     8
  Use: Scroll            |       |     1 ||     1
       Potion            |       |     1 ||     1
 Stab: Sleeping          |     1 |       ||     1
Armor: Robe              |    15 |    57 ||    72
Dodge: Dodged            |    48 |    68 ||   116

Table legend: (Time is in decaauts)
 A = Elapsed time spent in this place.
 B = Non-inter-level travel time spent in this place.
 C = Inter-level travel time spent in this place.
 D = Time resting spent in this place.
 E = Time spent auto-exploring this place.
 F = Levels seen in this place.
 G = Mean time per level.
                   A        B        C        D        E       F      G
               +--------+--------+--------+--------+--------+-----+--------+
         Total |   4717 |   4477 |    240 |      0 |   3793 |   3 | 1572.3 |
       Dungeon |   4717 |   4477 |    240 |      0 |   3793 |   3 | 1572.3 |
               +--------+--------+--------+--------+--------+-----+--------+

Top non-repeatable levels by time:
     D:2: 1643 daAuts
     D:3: 1577 daAuts
     D:1: 1495 daAuts
